 Dungeon Crawl Stone Soup version 0.29-a0-1065-g47a6bb87d6 (webtiles) character file.

Game seed: 10434015021084875516

40 SensoryNuts the Ducker (level 3, -1/27 HPs)
             Began as a Vampire Gladiator on Aug 19, 2022.
             Killed from afar by Sigmund (7 damage)
             ... with a puff of flame
             ... on level 2 of the Dungeon.
             The game lasted 00:01:07 (852 turns).

SensoryNuts the Ducker (Vampire Gladiator)           Turns: 852, Time: 00:01:08

Health: -1/27      AC:  4    Str: 14 (15) XL:     3   Next: 30%
Magic:  3/3        EV: 12    Int:  8 (10) God:
Gold:   62         SH:  0    Dex: 12 (15) Spells: 2/2 levels left

rFire   . . .      SeeInvis +   a - +0 long sword
rCold   . . .      Faith    .   (no shield)
rNeg    . . .      Spirit   .   b - +0 leather armour
rPois   .          Reflect  .   c - +0 helmet
rElec   .          Harm     .   (no cloak)
rCorr   .          Rampage  .   (no gloves)
Will    .....                   (no boots)
Stlth   +.........              (no amulet)
HPRegen 0.29/turn               (no ring)
MPRegen 0.08/turn               (no ring)

@: attractive, healing quickly
A: alive, fangs 3, see invisible, vampiric 2
a: Exsanguinate


You were on level 2 of the Dungeon.
You visited 1 branch of the dungeon, and saw 2 of its levels.

You collected 62 gold pieces.

Inventory:

Hand Weapons
 a - a +0 long sword (weapon)
Missiles
 d - 3 throwing nets (quivered)
 e - a javelin
Armour
 b - a +0 leather armour (worn)
 c - a +0 helmet (worn)
 k - a +0 pair of gloves
Scrolls
 h - a scroll of amnesia {unknown}
 j - a scroll of teleportation {unknown}


   Skills:
 + Level 2.2 Fighting
 + Level 3.6 Long Blades
 + Level 1.5 Throwing
 + Level 0.2 Armour
 + Level 3.8 Dodging
 + Level 0.4 Stealth


You had 2 spell levels left.
You didn't know any spells.
Your spell library contained the following spells:

 Spells                   Type           Power      Damage    Failure   Level
 Airstrike                Air            0%         2d(0-16)  99%         4
 Summon Lightning Spire   Summ/Air       0%         N/A       99%         4
 Lightning Bolt           Conj/Air       0%         1d11      100%        5


Dungeon Overview and Level Annotations

Branches:
Dungeon (2/15)

Altars:

Annotations:
D:2 Sigmund


Innate Abilities, Weirdness & Mutations

Your natural rate of healing is accelerated.
You have razor-sharp teeth.
You have supernaturally acute eyesight. (SInv)
You are afflicted with vampirism and can become a bat while bloodless.


Message History

The bat barely misses you. The endoplasm barely misses you.
Sigmund gestures wildly while chanting.
Sigmund flickers and vanishes for a moment.
The grasping roots constrict you.
The grasping roots release their grip on you.
Unknown command.
The bat closely misses you. The bat hits you but does no damage.
The endoplasm attacks as you move away!
The endoplasm hits you but does no damage.
The bat misses you. The bat hits you but does no damage.
The bat hits you but does no damage. The endoplasm is attracted toward you.
Sigmund is attracted toward you.
There is an open door here.
You hit the endoplasm.
The endoplasm is moderately wounded.
The bat hits you but does no damage. x2; The bat closely misses you.
The endoplasm freezes you.
You are frozen.
Sigmund hits you from afar with a +0 scythe!
You hit the endoplasm but do no damage.
You bite the endoplasm, but do no damage.
The endoplasm is moderately wounded.
The bat hits you but does no damage. The bat barely misses you.
The endoplasm hits you. Sigmund misses you.
You slash the endoplasm!
You kill the endoplasm!
The bat completely misses you. The bat misses you.
Sigmund is attracted toward you.
You feel better. The bat closely misses you.
The bat hits you but does no damage. Sigmund hits you with a +0 scythe.
You aren't carrying any potions.
Sigmund attacks as you move away! Sigmund hits you with a +0 scythe.
* * * LOW HITPOINT WARNING * * *
The bat hits you but does no damage. Sigmund is attracted toward you.
You aren't carrying any potions.
You slash Sigmund!
Sigmund is moderately wounded.
Sigmund points at you and mumbles some strange words.
The puff of flame hits you!
You die...

#.≈§..# . #..§.## ...
####.####.....
#........####.......#
#........##....####.#
#........#####.####.#
#........# #...b....#
##........# #.##@#######
..........# #...@......#
#.......###..........#
+..............>.....#
#.......####.........#
#####....###.........####
#.....##.........+..#
#.....##.........##.#
###.....##..†......##.#
#<......+..........'..#


You could see Sigmund (invisible) and a bat.

Vanquished Creatures
  A gnoll (D:1)
  3 ball pythons (D:1)
  4 endoplasms
  5 giant cockroaches
  3 goblins (D:1)
  A hobgoblin (D:1)
  4 bats
  A frilled lizard (D:1)
  4 kobolds (D:1)
  3 rats (D:1)
29 creatures vanquished.

Notes
Turn   | Place    | Note
-------+----------+-------------------------------------------
     0 | D:1      | SensoryNuts the Vampire Gladiator began the quest for the
                  | Orb.
     0 | D:1      | Reached XP level 1. HP: 16/16 MP: 1/1
   177 | D:1      | Reached XP level 2. HP: 22/22 MP: 2/2
   339 | D:1      | Gained mutation: You are afflicted with vampirism and can
                  | become a bat while bloodless. [Vampire growth]
   339 | D:1      | Reached XP level 3. HP: 27/27 MP: 3/3
   833 | D:2      | Noticed Sigmund
   852 | D:2      | Killed from afar by Sigmund

Illustrated notes

Levels and vault maps discovered:
D:1:      minmay_arrival_checkered_box, layout_loops_ring,
          minmay_close_crescents
D:2:      layout_basic, serial_shops, shop, basic_altar,
          nicolae_kite_square_tiling_tiny, uniq_sigmund

Skill      XL: |  1 |
---------------+----+-----
Fighting       | 2 |  2.2
Long Blades    | |  3.6
Throwing       | |  1.5
Armour         | |  0.2
Dodging        | |  3.8
Stealth        | |  0.4

Action                   || total
-------------------------++-------
Melee: Long sword        ||    63
       Bite              ||     5
       Punch             ||     1
  Use: Potion            ||     4
 Stab: Sleeping          ||     2
Armor: Leather armour    ||    37
Dodge: Dodged            ||    57

Table legend: (Time is in decaauts)
 A = Elapsed time spent in this place.
 B = Non-inter-level travel time spent in this place.
 C = Inter-level travel time spent in this place.
 D = Time resting spent in this place.
 E = Time spent auto-exploring this place.
 F = Levels seen in this place.
 G = Mean time per level.
                   A        B        C        D        E       F      G
               +--------+--------+--------+--------+--------+-----+--------+
         Total |    867 |    833 |     34 |      0 |    648 |   2 |  433.5 |
       Dungeon |    867 |    833 |     34 |      0 |    648 |   2 |  433.5 |
               +--------+--------+--------+--------+--------+-----+--------+

Top non-repeatable levels by time:
     D:1: 790 daAuts
     D:2: 76 daAuts
